 Dungeon Crawl Stone Soup version 0.24.0-10-g970556be89 (webtiles) character file.

Game seed: 7980033781993306051, levelgen mode: deterministic

3224 Emblim88 the Slinger (level 9, -7/42 HPs)
             Began as a Spriggan Arcane Marksman on Nov 4, 2019.
             Was a Follower of Fedhas.
             Mangled by an eight-headed hydra (20 damage)
             ... on level 8 of the Dungeon.
             The game lasted 00:25:53 (9753 turns).

Emblim88 the Slinger (Spriggan Arcane Marksman)     Turns: 9753, Time: 00:26:17

Health: -7/42      AC:  2    Str:  6    XL:     9   Next: 66%
Magic:  10/14      EV: 22    Int: 12    God:    Fedhas [*.....]
Gold:   357        SH:  0    Dex: 27    Spells: 6/14 levels left

rFire    + . .     SeeInvis +   H - +8 mace "Paic Upe" {crush, rF+ Int-2 Dex+7 Stlth+}
rCold    . . .     Gourm    .   (shield restricted)
rNeg     . . .     Faith    .   e - +0 robe
rPois    .         Spirit   .   (helmet restricted)
rElec    .         Reflect  .   (no cloak)
rCorr    .         Harm     +   (gloves unavailable)
MR       +....                  (boots unavailable)
Stlth    +++++++...             g - amulet of harm
HPRegen  0.14/turn              (no ring)
MPRegen  0.14/turn              (no ring)

@: very quick
A: very small, unfitting armour, see invisible, herbivore, speed 3, slow
metabolism 2
a: Renounce Religion


You were on level 8 of the Dungeon.
You worshipped Fedhas.
Fedhas was aware of your devotion.
You were hungry.

You visited 2 branches of the dungeon, and saw 9 of its levels.

You collected 357 gold pieces.

Inventory:

Hand Weapons
 s - a +2 hunting sling of freezing
 G - a +1 dagger of venom
 H - the +8 mace "Paic Upe" (weapon) {crush, rF+ Int-2 Dex+7 Stlth+}
   (You found it on level 8 of the Dungeon)

   It inflicts extra damage upon your enemies.
   It affects your intelligence (-2).
   It affects your dexterity (+7).
   It protects you from fire.
   It makes you more stealthy.
Missiles
 b - 164 stones (quivered)
 D - 30 sling bullets
Armour
 e - a +0 robe (worn)
 r - a +0 troll leather armour
Jewellery
 g - an amulet of harm (around neck)
Wands
 d - a wand of digging (7)
 u - a wand of polymorph (1)
 B - a wand of paralysis (7)
 E - a wand of disintegration (8)
Scrolls
 c - a scroll of enchant armour
 h - 3 scrolls of remove curse
 i - a scroll of magic mapping
 l - 3 scrolls of teleportation {unknown}
 m - a scroll of blinking
 n - 2 scrolls of enchant weapon {unknown}
 p - 2 scrolls of immolation {unknown}
 w - a scroll of fog
 y - 3 scrolls of amnesia
 F - 2 scrolls of identify
Potions
 a - 6 potions of curing {unknown}
 j - 2 potions of lignification {unknown}
 k - a potion of flight {unknown}
 o - 3 potions of haste {unknown}
 q - 2 potions of ambrosia {unknown}
 t - a potion of might {unknown}
 v - a potion of magic {unknown}
 x - 4 potions of agility {unknown}
 z - 3 potions of heal wounds {unknown}
 A - a potion of brilliance {unknown}
 C - a potion of mutation {unknown}
Comestibles
 f - 17 rations


   Skills:
 - Level 2.1 Fighting
 * Level 11.6 Slings
 - Level 4.6 Dodging
 + Level 11.5 Stealth
 - Level 3.2 Spellcasting
 - Level 4.7 Hexes
 - Level 3.0 Evocations


You had 6 spell levels left.
You knew the following spells:

 Your Spells              Type           Power        Failure   Level  Hunger
a - Corona                Hex            ##.....      3%          1    #......
b - Slow                  Hex            ##......     5%          2    ###....
c - Inner Flame           Hex/Fire       #.......     28%         3    ###....
d - Passwall              Tmut/Erth      #.......     36%         2    ###....

Your spell library contained the following spells:

 Spells                   Type           Power        Failure   Level  Hunger
 Sandblast                Erth           #.....       24%         1    #......
 Portal Projectile        Hex/Tloc       #.....       28%         3    ###....
 Cause Fear               Hex            ##........   34%         4    #####..
 Stone Arrow              Conj/Erth      #.....       58%         3    ###....
 Leda's Liquefaction      Hex/Erth       #.........   67%         4    #####..
 Petrify                  Tmut/Erth      #.......     94%         4    #####..
 Lee's Rapid Deconstruct  Erth           #.........   100%        5    ######.


Dungeon Overview and Level Annotations

Branches:
Dungeon (8/15)             Temple (1/1) D:5
   Lair: D:8-11

Altars:
Ashenzari
Cheibriados
Elyvilon
Fedhas
Gozag
Hepliaklqana
Kikubaaqudgha
Makhleb
Nemelex Xobeh
Okawaru
Qazlal
Ru
Sif Muna
Trog
Uskayaw
Vehumet
Wu Jian
Xom
Yredelemnul
Zin
The Shining One

Shops:
D:5 %


Innate Abilities, Weirdness & Mutations

You are very small and have problems with some larger weapons.
You are too small for most types of armour.
You have supernaturally acute eyesight. (SInv)
You are a herbivore.
You cover ground extremely quickly.
You need to consume almost no food.


Message History

Aim: an eight-headed hydra (chance to defeat MR: 18%)
The eight-headed hydra resists with almost no effort.
The orc warrior shouts!
Casting: Slow (safe; 5% risk of failure)
Confirm with . or Enter, or press ? or * to list all spells.
Aiming: Slow (safe; 5% risk of failure)
Press: ? - help, Shift-Dir - straight line, f/p - eight-headed hydra
Aim: an eight-headed hydra (chance to defeat MR: 18%)
The eight-headed hydra resists with almost no effort.
Casting: Slow (safe; 5% risk of failure)
Confirm with . or Enter, or press ? or * to list all spells.
Okay, then.
The eight-headed hydra completely misses you.
The eight-headed hydra misses you. The eight-headed hydra bites you!!
Ouch! That really hurt!
The eight-headed hydra completely misses you.
The eight-headed hydra misses you. The eight-headed hydra bites you. x2
The eight-headed hydra bites you!
You die...
Fedhas appreciates your contribution to the ecosystem.

.....................##..........
######..#.##.#######.............
P...P#.##.#..#P. .P#...###.......
.###.#.##..#.#.#+#.#.............
.'.#.รท..#.#..#.#)#.#.............
.###.#.#...#.#.###.#.............
P...P#.#).##.# ..o #.............
######.#.#.#.###D###.............
.[.....#####....@...........###..
#.#.[##.##...###.##..#...#..# #..
#.#....#..#........#...#.## #..
###..#####.#.##.###......#. .#
#.##...#..#.#..............
.###)##.##[#..####.#.......
.......#..#....####..##.. ##
##'###.###........#...# ..#
P...P#...####.##..##.## ....


You could see an eight-headed hydra and an orc warrior.

Vanquished Creatures
  A two-headed ogre (D:8)
  2 trolls (D:8)
  A hippogriff (D:5)
  A spriggan (D:8)
  Edmund (D:6)
  A phantom (D:6)
  2 ice beasts
  A sky beast (D:5)
  A necrophage (D:6)
  2 ogres (D:4)
  2 bullfrogs
  2 scorpions (D:5)
  A centaur zombie (D:2)
  3 crimson imps
  3 orc priests
  A centaur skeleton (D:4)
  2 hounds
  A jelly (D:5)
  Jessica (D:3)
  2 iguanas
  A gnoll shaman (D:6)
  2 orc wizards (D:7)
  4 worker ants
  A hound zombie (D:4)
  A hound skeleton (D:5)
  5 gnolls
  11 adders
  3 shadow imps (D:6)
  An adder skeleton (D:4)
  3 worms
  2 dart slugs
  2 leopard geckos
  11 orcs
  4 ball pythons
  10 bats
  2 bat zombies (D:5)
  6 giant cockroaches
  7 goblins
  5 hobgoblins
  11 jackals
  4 kobolds
  3 quokkas
  2 frilled lizards (D:2)
  A giant cockroach zombie (D:5)
  2 jackal skeletons (D:6)
  A leopard gecko zombie (D:6)
  A quokka skeleton (D:5)
  8 rats
  A rat zombie (D:5)
146 creatures vanquished.

Notes
Turn   | Place    | Note
-------+----------+-------------------------------------------
     0 | D:1      | Emblim88 the Spriggan Arcane Marksman began the quest for
                  | the Orb.
     0 | D:1      | Reached XP level 1. HP: 9/9 MP: 3/3
   100 | D:1      | Reached skill level 1 in Fighting
   102 | D:1      | Reached skill level 1 in Stealth
   124 | D:1      | Reached XP level 2. HP: 14/14 MP: 5/5
   683 | D:2      | Reached XP level 3. HP: 18/18 MP: 6/6
  1453 | D:2      | Reached XP level 4. HP: 15/22 MP: 8/8
  1486 | D:2      | Found a sacrificial altar of Ru.
  2629 | D:3      | Reached XP level 5. HP: 25/25 MP: 9/9
  2647 | D:3      | Noticed Jessica
  2648 | D:3      | Killed Jessica
  3177 | D:3      | Reached skill level 1 in Evocations
  3536 | D:4      | Reached XP level 6. HP: 30/30 MP: 11/11
  3540 | D:4      | Learned a level 2 spell: Slow
  3544 | D:4      | Learned a level 3 spell: Inner Flame
  3590 | D:4      | Reached skill level 5 in Stealth
  4281 | D:5      | Entered Level 5 of the Dungeon
  4330 | D:5      | Reached XP level 7. HP: 35/35 MP: 12/12
  4408 | D:5      | Found an ancient bone altar of Kikubaaqudgha.
  5043 | D:5      | Reached skill level 5 in Slings
  5141 | D:5      | Found a shimmering altar of Xom.
  5142 | D:5      | Found a hazy altar of Hepliaklqana.
  5142 | D:5      | Noticed an unseen horror
  5143 | D:5      | Noticed a spectral ugly thing
  5143 | D:5      | Noticed an unseen horror
  5177 | D:5      | Found a staircase to the Ecumenical Temple.
  5186 | Temple   | Entered the Ecumenical Temple
  5285 | Temple   | Became a worshipper of Fedhas Madash
  5503 | D:5      | Found Tiem's Food Boutique.
  5523 | D:5      | Found a glowing golden altar of the Shining One.
  5576 | D:5      | Noticed a hippogriff
  5644 | D:5      | Killed a hippogriff
  5694 | D:5      | Reached XP level 8. HP: 39/39 MP: 13/13
  7138 | D:6      | Found a snail-covered altar of Cheibriados.
  7203 | D:6      | Noticed Edmund
  7305 | D:6      | Killed Edmund
  7512 | D:7      | Reached * piety under Fedhas
  7616 | D:7      | Found a sparkling altar of Nemelex Xobeh.
  8748 | D:8      | Found a shattered altar of Ashenzari.
  8751 | D:8      | Found an opulent altar of Gozag.
  8752 | D:8      | Found a radiant altar of Vehumet.
  8752 | D:8      | Found a glowing golden altar of the Shining One.
  8752 | D:8      | Found a glowing silver altar of Zin.
  8756 | D:8      | Found a stormy altar of Qazlal.
  8873 | D:8      | Reached skill level 10 in Stealth
  8873 | D:8      | Reached XP level 9. HP: 24/42 MP: 14/14
  9021 | D:8      | Learned a level 2 spell: Passwall
  9061 | D:8      | Noticed a troll
  9108 | D:8      | Reached skill level 10 in Slings
  9116 | D:8      | Killed a troll
  9294 | D:8      | Noticed a two-headed ogre
  9340 | D:8      | Killed a two-headed ogre
  9638 | D:8      | Noticed a troll
  9666 | D:8      | Killed a troll
  9732 | D:8      | Got a shimmering mace
  9736 | D:8      | Got a smoking leather armour
  9742 | D:8      | Identified the +8 mace "Paic Upe" {crush, rF+ Int-2 Dex+7
                  | Stlth+} (You found it on level 8 of the Dungeon)
  9749 | D:8      | Noticed an eight-headed hydra
  9753 | D:8      | Mangled by an eight-headed hydra

Levels and vault maps discovered:
D:1:      dpeg_arrival_simpleton_a, layout_basic
D:2:      layout_loops_ring, lemuel_doored_altar, first_ration
D:3:      layout_basic, uniq_jessica
D:4:      layout_rooms
D:5:      layout_basic, regret_index_temple_of_mockery,
          lemuel_zombie_altar_kikubaaqudgha,
          minmay_temple_entry_statues_fountains, serial_shops, shop, tso_altar
D:6:      layout_cave_pods, serial_park, cheibrodos_worm_habitat, uniq_edmund
D:7:      layout_basic, old_standard_altar
D:8:      layout_cave_pools, minitemple, the_bakery, hangedman_decor_growths,
          minmay_shattered_shrine
Temple:   eino_wide_crystal_templ

Skill      XL: |  1  2  3  4  5  6  7  8  9 |
---------------+----------------------------+-----
Fighting       | 1 2 |  2.1
Stealth        | 1 2 3 4 5 7 10 11 | 11.5
Spellcasting   | 2 3 |  3.2
Hexes          | 4 |  4.7
Slings         | 3 6 9 11 | 11.6
Dodging        | 4 |  4.6
Evocations     | 1 3 |  3.0

Action                   |  1- 3 |  4- 6 |  7- 9 || total
-------------------------+-------+-------+-------++-------
Melee: Dagger            |       |       |     3 ||     3
 Fire: Hunting sling     |   130 |   172 |   382 ||   684
 Cast: Slow              |       |       |     5 ||     5
Evoke: Wand              |       |       |     1 ||     1
  Use: Scroll            |       |       |     6 ||     6
 Stab: Sleeping          |       |       |     3 ||     3
  Eat: Ration            |       |       |     2 ||     2
Armor: Robe              |     5 |     1 |     6 ||    12
Dodge: Dodged            |    32 |    46 |    65 ||   143
